 Dungeon Crawl Stone Soup version 0.26.0-10-g1f06aea511 (webtiles) character file.

Game seed: 16900141721333338367

98 EnegeticOcto the Covered (level 4, 35/42 HPs)
             Began as a Deep Dwarf Fighter on Jan 14, 2021.
             Was an Initiate of Gozag.
             Quit the game on level 4 of the Dungeon.
             The game lasted 00:00:55 (757 turns).

EnegeticOcto the Covered (Deep Dwarf Fighter)        Turns: 757, Time: 00:00:55

Health: 35/42      AC:  7    Str: 20    XL:     4   Next: 44%
Magic:  4/4        EV:  7    Int:  9    God:    Gozag
Gold:   5          SH: 10    Dex: 18    Spells: 3/3 levels left

rFire    . . .     SeeInvis .   a - +0 war axe
rCold    . . .     Faith    .   c - +0 kite shield
rNeg     . . .     Spirit   .   b - +0 scale mail
rPois    .         Reflect  .   (no helmet)
rElec    .         Harm     .   (no cloak)
rCorr    .         Rampage  .   (no gloves)
Will     .....                  (no boots)
Stlth    ..........             (no amulet)
HPRegen  0.00/turn              k - +6 ring of dexterity
MPRegen  0.09/turn              (no ring)

@: mildly poisoned (35 -> 35), gold aura, non-regenerating
A: damage resistance, heal wounds, sense surroundings 1, no regeneration
a: Heal Wounds, Renounce Religion, Potion Petition, Call Merchant, Bribe Branch


You were on level 4 of the Dungeon.
You worshipped Gozag.
Gozag was noncommittal.
You visited 2 branches of the dungeon, and saw 5 of its levels.

You collected 91 gold pieces.
You paid 86 gold pieces to Gozag.

Inventory:

Hand Weapons
 a - a +0 war axe (weapon)
Armour
 b - a +0 scale mail (worn)
 c - a +0 kite shield (worn)
Jewellery
 k - a +6 ring of dexterity (left hand)
Scrolls
 e - 2 scrolls of blinking {unknown}
 f - a scroll of fog {unknown}
 g - 2 scrolls of enchant armour {unknown}
 h - a scroll of amnesia {unknown}
Potions
 d - a potion of might {@q3}
 i - a potion of magic {unknown}
 j - a potion of ambrosia {unknown}


   Skills:
 + Level 3.2 Fighting
 * Level 3.7 Axes
 + Level 3.9 Armour
 + Level 3.9 Shields


You had 3 spell levels left.
You didn't know any spells.
Your spell library was empty.

Dungeon Overview and Level Annotations

Branches:
Dungeon (4/15)             Temple (1/1) D:4

Altars:
Ashenzari
Elyvilon
Fedhas
Gozag
Hepliaklqana
Makhleb
Ru
Sif Muna
Trog
Wu Jian
Xom
Zin
The Shining One


Innate Abilities, Weirdness & Mutations

You are resistant to damage.
You can heal yourself by infusing magical energy.
You passively map a small area around you.
You do not regenerate.


Message History

You block the orc's attack.
You slash the orc wizard!
You kill the orc wizard!
You hit the orc. You block the orc's attack.
You slash the orc!
You kill the orc!
The adder becomes distracted by the nearby gold, dreaming of imaginary riches.
You closely miss the orc priest.
The orc priest invokes the aid of Beogh against you.
You barely resist. You block the orc priest's attack.
The adder hisses angrily.
You hit the orc priest.
The orc priest is moderately wounded.
The orc priest hits you with a +0 whip.
You slash the orc priest!
You kill the orc priest!
The adder is no longer distracted by gold.
A magic dart appears from out of thin air!
The magic dart hits you but does no damage.
You hit something but do no damage.
The adder becomes distracted by the nearby gold, dreaming of imaginary riches.
Something hits you but does no damage.
You barely miss something.
The adder hisses angrily.
Something hits you but does no damage.
Your shield prevents you from hitting something.
Something hits you but does no damage. x2
You closely miss something.
The adder is no longer distracted by gold.
Something hits you but does no damage.
You closely miss something. Something hits you but does no damage.
You hit something but do no damage. Something hits you but does no damage.
Something hits you.
You miss something. Something hits you but does no damage.
You closely miss something.
Something hits you but does no damage. x2
You miss something. Something hits you but does no damage.
You feel much better. You block something's attack.
You hit something. You block something's attack.
You closely miss something. Something hits you but does no damage.
You block something's attack.
You miss something. Something hits you but does no damage.
You miss something.
Something hits you but does no damage. x2
You miss something. Something hits you but does no damage.
You miss something.
You hear some strange, mumbled words.
Something tries to affect you, but you resist.
You miss something. Something hits you but does no damage.
You hear some strange, mumbled words.
A puff of flame appears from out of thin air!
You block the puff of flame.
You closely miss something. Something hits you but does no damage.
You slash something! Something hits you but does no damage.
You closely miss something.
Something hits you but does no damage. x2
You closely miss something. Something hits you but does no damage.
You miss something. Something hits you but does no damage.
You miss something.
You hear some strange, mumbled words.
A puff of flame appears from out of thin air!
You block the puff of flame.
You hear some strange, mumbled words.
A magic dart appears from out of thin air!
The magic dart hits you but does no damage.
You miss something. Something hits you but does no damage.
You miss something. Something completely misses you.
You block something's attack.
You slash something!
Reactivating autopickup.
You block the adder's attack.
Hepliaklqana seems mollified.
Your full life essence returns.
You have reached level 4!
You feel clever.
You barely miss the adder.
The adder bites you but does no damage. x2
You closely miss the adder. The adder closely misses you.
You hit the adder.
The adder is heavily wounded.
The adder bites you. You block the adder's attack.
You barely miss the adder.
The adder is heavily wounded.
The adder bites you but does no damage. You block the adder's attack.
You closely miss the adder.
The adder is heavily wounded.
The adder bites you.
You are poisoned.
The adder poisons you! You block the adder's attack.
You closely miss the adder.
The adder is heavily wounded.
You block the adder's attack. The adder barely misses you.
You slash the adder!
You kill the adder!
No target in view!
No target in view!
No target in view!
No target in view!
No target in view!
No target in view!
No target in view!
No target in view!
No target in view!
No target in view!
Are you sure you want to abandon this character and quit the game? (Confirm with "yes".)

,, , , .## , , , , ..# #
* * **#.# .# #.# ,,,..#
, ###.### * ...# #
###+### ,....#
#########⌠.⌠######.....#
* #.......'.>.'..$@$# ,
#.#######⌠.⌠#####$...#
#.# ###+### .#### ..#
###.### #., , ### #.#
*.# , * #.# **** .. *
#.# #. , #.# , . * , , ,
,


There were no monsters in sight!

Vanquished Creatures
  An orc priest (D:4)
  2 orc wizards (D:4)
  A hound (D:3)
  3 adders
  An orc (D:4)
  A bat (D:1)
  A giant cockroach (D:1)
  3 hobgoblins
  3 kobolds
  2 frilled lizards (D:1)
  2 goblins
  5 rats
25 creatures vanquished.

Notes
Turn   | Place    | Note
-------+----------+-------------------------------------------
     0 | D:1      | EnegeticOcto the Deep Dwarf Fighter began the quest for the
                  | Orb.
     0 | D:1      | Reached XP level 1. HP: 20/20 MP: 1/1
   142 | D:2      | Reached XP level 2. HP: 27/27 MP: 2/2
   206 | D:2      | Found a blossoming altar of Fedhas.
   298 | D:2      | Reached XP level 3. HP: 27/34 MP: 3/3
   326 | D:3      | Found a shimmering altar of Xom.
   326 | D:3      | Found a shimmering altar of Xom.
   326 | D:3      | Found a shimmering altar of Xom.
   359 | D:3      | Found a burning altar of Makhleb.
   574 | D:4      | Found a staircase to the Ecumenical Temple.
   579 | Temple   | Entered the Ecumenical Temple
   638 | Temple   | Became a worshipper of Hepliaklqana the Forgotten
   663 | Temple   | Fell from the grace of Hepliaklqana
   663 | Temple   | Became a worshipper of Gozag Ym Sagoz the Greedy
   750 | D:4      | Was forgiven by Hepliaklqana
   750 | D:4      | Reached XP level 4. HP: 37/42 MP: 4/4
   757 | D:4      | Quit the game

Illustrated notes

Levels and vault maps discovered:
D:1:      heliophobic_arrival_ceremonial_halls, layout_rooms,
          serial_corexii_hall, corexii_hall_statues_l,
          chequers_hall_statues_wall_a, corexii_hall_statues_i,
          corexii_hall_statues_l, chequers_hall_statues_y,
          chequers_hall_statues_y, hangedman_decor_growths
D:2:      layout_basic, fedhas_altar_2, uniq_sigmund, uniq_terence, uniq_jessica
D:3:      minmay_inner_zag, layout_basic, lemuel_zombie_altar_yredelemnul,
          makhleb_heckhound_becter, nicolae_overflow_crystal_walls,
          xom_redecorated
D:4:      layout_loops_cross, nicolae_dithmenos_shadow_blocks, temple_doors_e
Temple:   jpeg_temple_alley_garden

Skill      XL: |  1  2 |
---------------+-------+-----
Fighting       | 3 |  3.2
Axes           | 3 |  3.7
Armour         | |  3.9
Shields        | |  3.9

Action                   |  1- 3 |  4- 6 || total
-------------------------+-------+-------++-------
Melee: War axe           |   118 |     7 ||   125
 Abil: Heal Wounds       |     1 |       ||     1
Armor: Scale mail        |    46 |     3 ||    49
Dodge: Dodged            |    40 |     2 ||    42
Block: Kite shield       |    60 |     4 ||    64
